 Dungeon Crawl Stone Soup version 0.22.1-2-g9c5b331 (webtiles) character file.

509 HoaS the Skirmisher (level 7, -1/46 HPs)
             Began as a Gargoyle Berserker on Dec 16, 2018.
             Was a Believer of Trog.
             Killed from afar by an orc wizard (7 damage)
             ... with a puff of flame
             ... on level 4 of the Dungeon.
             The game lasted 00:12:10 (3287 turns).

HoaS the Skirmisher (Gargoyle Berserker)            Turns: 3287, Time: 00:12:10

Health: -1/46      AC: 14    Str: 21    XL:     7   Next: 19%
Magic:  7/7        EV:  8    Int:  7    God:    Trog [**....]
Gold:   175        SH:  0    Dex: 11    Spells: 6/6 levels left

rFire    . . .     SeeInvis .     - Unarmed
rCold    . . .     Gourm    .   (no shield)
rNeg     + . .     Faith    .   d - +1 chain mail
rPois    ∞         Spirit   .   (no helmet)
rElec    +         Reflect  .   (no cloak)
rCorr    .         Harm     .   (no gloves)
MR       .....                  (no boots)
Stlth    ..........             q - amulet of regeneration
HPRegen  0.55/turn              (no ring)
MPRegen  0.10/turn              (no ring)

@: no status effects
A: negative energy resistance 1, electricity resistance, unbreathing,
petrification resistance, rot immunity, AC +4
a: Berserk, Trog's Hand, Renounce Religion


You were on level 4 of the Dungeon.
You worshipped Trog.
Trog was pleased with you.
You were not hungry.

You visited 1 branch of the dungeon, and saw 5 of its levels.

You collected 175 gold pieces.

Inventory:

Armour
 d - a +1 chain mail (worn)
Jewellery
 q - an amulet of regeneration (around neck)
 s - a +3 ring of dexterity {unknown}
Scrolls
 g - 2 scrolls of enchant armour
 l - a scroll of blinking
 n - a scroll of identify
 r - a scroll of remove curse
Potions
 a - 3 potions of mutation {unknown}
 c - 2 potions of ambrosia
 e - 2 potions of haste
 h - a potion of flight {unknown}
 i - a potion of curing
 j - a potion of resistance {unknown}
 k - a potion of magic {unknown}
 m - a potion of degeneration {unknown}
 o - a potion of lignification {unknown}
 p - a potion of heal wounds {unknown}
Comestibles
 b - 7 rations
 f - a chunk of flesh


   Skills:
 * Level 6.0 Fighting
 + Level 3.2 Armour
 - Level 1.5 Dodging
 * Level 6.0 Unarmed Combat


You had 6 spell levels left.
You didn't know any spells.
Your spell library was empty.

Dungeon Overview and Level Annotations

Branches:
Dungeon (5/15)             Temple (0/1) D:4

Altars:
Nemelex Xobeh
Qazlal


Innate Abilities, Weirdness & Mutations

You are resistant to torment.
Your stone body is resilient. (AC +4)
You are immune to poison.
You resist negative energy. (rN+)
You are resistant to electric shocks. (rElec)
You can survive without breathing.
You are immune to petrification.
You are immune to rotting.


Message History

The orc wizard points at you and mumbles some strange words.
The puff of frost hits you!
The orc wizard gestures wildly while chanting.
The orc wizard flickers and vanishes!
Deactivating autopickup; reactivate with Ctrl-A.
There is a stone staircase leading up, spattered with blood here.
The orc warrior hits you with a halberd.
There is a stone staircase leading up, spattered with blood here.
Something hits you but does no damage. x2
You climb upwards.
There is a stone staircase leading down here.
You hit the orc warrior but do no damage.
The orc warrior hits you with a halberd!!
* * * LOW HITPOINT WARNING * * *
Something hits you but does no damage.
Your chain mail prevents you from hitting the orc warrior.
You hear some strange, mumbled words.
A puff of flame appears from out of thin air!
The puff of flame hits you!
You die...

####.####.##..## ##...(.#
##.....##.###..###...P..#
#......[#.###..#........##
#.......#.....)...≈P≈P≈PP##
...._......###...P≈♣♣≈≈≈≈P#
#.......#.......P≈♣♣♣♣♣♣≈.#
#.......#[..###.P≈P♣ ♣P≈P#
##.)...##...###.Po♣♣♣♣♣PP.#
####.####.......@≈≈♣≈≈♣≈≈≈#
...........######≈≈≈≈≈PPP##
...........# #...≈P.P#.##
#.......#### #.##P####.#
#.......### #.#######.#
#........(# #.........#
...#......# #######.###
...+......# #...# #.#
...#......# #.#.###.#


You could see an orc warrior.

Vanquished Creatures
  Blork the orc (D:4)
  A scorpion (D:4)
  A howler monkey (D:4)
  3 orc priests
  An orc wizard (D:4)
  An iguana (D:4)
  3 worker ants
  3 gnolls
  4 adders
  A worm (D:2)
  3 dart slugs
  2 leopard geckos
  3 orcs
  3 ball pythons
  7 bats
  6 giant cockroaches
  3 goblins
  7 hobgoblins
  11 jackals
  A quokka (D:2)
  2 frilled lizards
  5 kobolds
  8 rats
80 creatures vanquished.

Notes
Turn   | Place    | Note
-------+----------+-------------------------------------------
     0 | D:1      | HoaS the Gargoyle Berserker began the quest for the Orb.
     0 | D:1      | Reached XP level 1. HP: 14/14 MP: 1/1
   338 | D:1      | Reached XP level 2. HP: 18/19 MP: 2/2
  1030 | D:2      | Reached XP level 3. HP: 13/24 MP: 3/3
  1196 | D:1      | Reached XP level 4. HP: 24/30 MP: 4/4
  1455 | D:2      | You fall through a shaft for 2 floors!
  1482 | D:3      | Reached ** piety under Trog
  1482 | D:3      | Reached XP level 5. HP: 16/34 MP: 5/5
  1528 | D:2      | Reached skill level 5 in Fighting
  2603 | D:3      | Found a stormy altar of Qazlal.
  2690 | D:4      | Reached skill level 5 in Unarmed Combat
  2724 | D:4      | Found a sparkling altar of Nemelex Xobeh.
  2747 | D:4      | Noticed Blork the orc
  2761 | D:4      | Killed Blork the orc
  2761 | D:4      | Reached XP level 6. HP: 36/40 MP: 6/6
  2978 | D:4      | Found a staircase to the Ecumenical Temple.
  3027 | D:4      | Reached XP level 7. HP: 28/46 MP: 7/7
  3244 | D:5      | Entered Level 5 of the Dungeon
  3287 | D:4      | Killed from afar by an orc wizard

Skill      XL: |  1  2  3  4  5  6  7 |
---------------+----------------------+-----
Fighting       | 4 5 6 |  6.0
Unarmed Combat | 4 5 6 |  6.0
Armour         | 3 |  3.2
Dodging        | |  1.5

Action                   |  1- 3 |  4- 6 |  7- 9 || total
-------------------------+-------+-------+-------++-------
Melee: Unarmed           |    91 |   232 |    23 ||   346
       Punch             |     1 |     5 |       ||     6
Invok: Berserk           |     1 |     2 |       ||     3
       Trog's Hand       |       |     2 |       ||     2
  Use: Scroll            |     3 |     8 |       ||    11
  Eat: Chunk             |     1 |     8 |     2 ||    11
Armor: Animal skin       |     4 |       |       ||     4
       Ring mail         |    29 |     5 |       ||    34
       Chain mail        |       |   168 |    12 ||   180
Dodge: Dodged            |    58 |   113 |    10 ||   181
